 Dungeon Crawl Stone Soup version 0.28-b1-1-g3c77fb2 (webtiles) character file.

Game seed: 15724432408489676007

341 BALLS the Slasher (level 6, 0/32 HPs)
             Began as a Vine Stalker Fighter on Jan 26, 2022.
             Slain by a lemure (6 damage)
             ... led by Pikel
             ... on level 4 of the Dungeon.
             The game lasted 00:05:22 (2442 turns).

BALLS the Slasher (Vine Stalker Fighter)            Turns: 2442, Time: 00:05:23

Health: 0/32       AC:  6    Str: 21    XL:     6   Next: 56%
Magic:  0/7        EV:  9    Int:  8    God:
Gold:   95         SH:  4    Dex: 13    Spells: 5/5 levels left

rFire   + . .      SeeInvis .   a - +0 long sword
rCold   . . .      Faith    .   c - +0 buckler
rNeg    . . .      Spirit   +   b - +0 scale mail
rPois   .          Reflect  .   (no helmet)
rElec   .          Harm     .   (no cloak)
rCorr   .          Rampage  .   (no gloves)
Will    .....                   (no boots)
Stlth   ..........              (no amulet)
HPRegen 0.90/turn               g - ring of protection from fire
MPRegen 0.10/turn               (no ring)

@: mighty
A: fangs 2, regeneration 1, magic shield, antimagic bite, no potion heal 2
a: no special abilities


You were on level 4 of the Dungeon.
You visited 1 branch of the dungeon, and saw 4 of its levels.

You collected 95 gold pieces.

Inventory:

Hand Weapons
 a - a +0 long sword (weapon)
Armour
 b - a +0 scale mail (worn)
 c - a +0 buckler (worn)
Jewellery
 g - a ring of protection from fire (left hand)
 n - a +6 ring of dexterity
Scrolls
 f - 2 scrolls of teleportation {unknown}
 h - a scroll of amnesia {unknown}
 i - a scroll of enchant armour {unknown}
 j - a scroll of identify {unknown}
 l - a scroll of enchant weapon {unknown}
Potions
 e - 3 potions of curing {unknown}
 k - a potion of cancellation {unknown}
 m - a potion of mutation {unknown}


   Skills:
 - Level 3.0 Fighting
 + Level 6.0 Long Blades
 - Level 2.4 Armour
 - Level 2.6 Shields


You had 5 spell levels left.
You didn't know any spells.
Your spell library contained the following spells:

 Spells                   Type           Power      Damage    Failure   Level
 Magic Dart               Conj           0%         1d3       85%         1
 Call Imp                 Summ           0%         N/A       94%         2
 Mephitic Cloud           Conj/Pois/Air  0%         N/A       99%         3
 Ozocubu's Armour         Ice            0%         N/A       99%         3
 Metabolic Englaciation   Hex/Ice        0%         N/A       100%        5
 Simulacrum               Ice/Necr       0%         N/A       100%        6


Dungeon Overview and Level Annotations

Branches:
Dungeon (4/15)
 Temple: D:4-7

Altars:
Qazlal

Annotations:
D:4 Pikel


Innate Abilities, Weirdness & Mutations

You have extremely sharp teeth.
Your natural rate of healing is unusually fast.
When hurt, damage is shared between your health and your magic reserves.
Your bite disrupts and absorbs the magic of your enemies.
Potions cannot restore your health.


Message History

Your Long Blades skill increases to level 6!
There are monsters nearby!
A lemure comes into view. x2
You closely miss Pikel.
The lemure shouts!
Your bite misses Pikel.
Pikel hits you with a +0 whip of freezing.
Pikel freezes you.
You slash Pikel! You bite Pikel, but do no damage.
Pikel is moderately wounded.
Pikel says, "You'll feel the lick of my whip!"
Pikel hits you with a +0 whip of freezing.
Pikel freezes you.
You closely miss Pikel.
Pikel is moderately wounded.
Pikel hits you with a +0 whip of freezing.
Pikel freezes you. You block the lemure's attack.
Pikel hits you with a +0 whip of freezing!
Pikel freezes you.
You hit Pikel.
Pikel is heavily wounded.
You block the lemure's attack. The lemure closely misses you.
Pikel hits you with a +0 whip of freezing.
Pikel freezes you. The lemure barely misses you.
The lemure hits you but does no damage.
There is a stone staircase leading down here.
Pikel says, "It's all about the gold, really."
Pikel hits you with a +0 whip of freezing!
Pikel freezes you.
* * * LOW HITPOINT WARNING * * *
Okay, then.
You feel very mighty all of a sudden. The lemure hits you.
* * * LOW HITPOINT WARNING * * *
Pikel barely misses you.
You completely miss Pikel. Your bite misses Pikel.
Pikel is heavily wounded.
The lemure hits you!
You die...

. #..........#
...#....5....#
...#..?..##..####
..[.5....##..#..##
..............5..####
...#...........>....#
.5.#....##....g##5..#
...<..#........K55.###
......#..#.....5@....#
.........#..#..#.....#
............#####...##
............# #.###
###......### ###
#......## ##......#
#.......# ###..#....


You could see Pikel, 4 lemures and a goblin.

Vanquished Creatures
  A phantom (D:4)
  A scorpion (D:3)
  Natasha (thrice) (D:2)
  An iguana (D:3)
  2 adders (D:2)
  A shadow imp (D:4)
  3 worms
  2 orcs
  3 endoplasms
  2 giant cockroaches
  9 hobgoblins
  2 jackals (D:1)
  3 kobolds
  3 quokkas
  9 ball pythons
  7 bats
  5 frilled lizards
  13 goblins
  4 rats
74 creatures vanquished.

Vanquished Creatures (others)
  A demonic plant (D:1)
1 creature vanquished.

Grand Total: 75 creatures vanquished

Notes
Turn   | Place    | Note
-------+----------+-------------------------------------------
     0 | D:1      | BALLS the Vine Stalker Fighter began the quest for the Orb.
     0 | D:1      | Reached XP level 1. HP: 11/11 MP: 2/2
    75 | D:1      | Reached skill level 2 in Long Blades
   147 | D:1      | Reached XP level 2. HP: 15/16 MP: 3/3
   367 | D:1      | Found a faded altar of an unknown god.
   446 | D:1      | Reached skill level 3 in Long Blades
   528 | D:1      | Reached XP level 3. HP: 17/19 MP: 4/4
  1169 | D:2      | Noticed Natasha
  1174 | D:2      | Killed Natasha
  1175 | D:2      | Gained mutation: Your natural rate of healing is unusually
                  | fast. [Vine Stalker growth]
  1175 | D:2      | Reached XP level 4. HP: 15/23 MP: 3/5
  1225 | D:2      | Noticed Natasha
  1236 | D:2      | Killed Natasha
  1237 | D:2      | Reached skill level 4 in Long Blades
  1297 | D:2      | Noticed Natasha
  1301 | D:2      | Killed Natasha
  1302 | D:2      | Reached XP level 5. HP: 25/27 MP: 4/6
  1833 | D:3      | Reached skill level 5 in Long Blades
  1954 | D:3      | Reached XP level 6. HP: 32/32 MP: 7/7
  1969 | D:3      | Found a stormy altar of Qazlal.
  2394 | D:4      | Noticed Pikel
  2421 | D:4      | Reached skill level 6 in Long Blades
  2442 | D:4      | Slain by a lemure

Illustrated notes

Levels and vault maps discovered:
D:1:      lightli_arrival_windingriver, layout_loops_ring,
          shapermc_ecumenical_altar_gd
D:2:      minmay_chambers_of_twos, layout_basic, uniq_natasha
D:3:      layout_basic, nicolae_qazlal_scattered_showers
D:4:      layout_cave_pools, grunt_gozag_breadcrumbs, uniq_pikel, uniq_edmund

Skill      XL: |  1  2  3  4  5  6 |
---------------+-------------------+-----
Long Blades    | 2 3 4 5 6 |  6.0
Fighting       | 3 |  3.0
Armour         | |  2.4
Shields        | |  2.6

Action                   |  1- 3 |  4- 6 || total
-------------------------+-------+-------++-------
Melee: Long sword        |    79 |   113 ||   192
       Bite              |    18 |    32 ||    50
  Use: Potion            |       |     1 ||     1
Armor: Scale mail        |    32 |    47 ||    79
Dodge: Dodged            |    41 |    50 ||    91
Block: Buckler           |    17 |    20 ||    37
